 Dungeon Crawl Stone Soup version 0.31-a0-986-g5e6e4ef867 (webtiles) character file.

Game seed: 6520294089009881740

3377 DocClef the Fighter (level 9, -4/76 HPs)
             Began as a Demonspawn Shapeshifter on Nov 5, 2023.
             Was a Follower of Trog.
             Slain by a yak (5 damage)
             ... on level 7 of the Dungeon on Nov 6, 2023.
             The game lasted 00:09:41 (7164 turns).

DocClef the Fighter (Demonspawn Shapeshifter)       Turns: 7164, Time: 00:09:41

Health: -4/76      AC:  6    Str: 17    XL:     9   Next: 74%
Magic:  0/9        EV: 13    Int: 11    God:    Trog [*.....]
Gold:   22         SH:  0    Dex: 15    Spells: 8/8 levels left

rFire   . . .        E - +2 long sword (flame)
rCold   . . .        (no shield)
rNeg    + . .        F - +0 acid dragon scales
rPois   .            (helmet currently unavailable)
rElec   .            (cloak currently unavailable)
rCorr   +            (gloves currently unavailable)
SInv    .            (boots currently unavailable)
Will    .....        v - amulet of guardian spirit
Stlth   +            g - ring of positive energy
HPRegen 0.32/turn    (no ring)
MPRegen 0.22/turn

%: guardian spirit
@: brilliant, about to teleport, beast-form
A: beast (slay +4), repulsion field 1, spiny 2, magic regeneration
a: Begin Untransformation, Renounce Religion, Berserk


You were on level 7 of the Dungeon.
You worshipped Trog.
Trog was aware of your devotion.
You were a hulking beast.
You visited 1 branch of the dungeon, and saw 8 of its levels.

You collected 708 gold pieces.
You spent 686 gold pieces at shops.

Inventory:

Hand Weapons
 n - a +1 dagger of speed
 E - a +2 long sword of flaming (weapon)
Missiles
 y - 2 throwing nets
Armour
 a - a +0 animal skin
 j - a +0 chain mail
 F - +0 acid dragon scales (worn)
Jewellery
 g - a ring of positive energy (left hand)
 k - a +6 ring of intelligence
 s - a ring of fire
 v - an amulet of guardian spirit (around neck)
 D - a ring of protection from fire
 H - a ring of flight
Talismans
 c - a beast talisman
 d - a flux talisman
Wands
 A - a wand of quicksilver (3)
Scrolls
 e - 16 scrolls of identify {unknown}
 f - 2 scrolls of acquirement {unknown}
 h - 3 scrolls of vulnerability
 i - 2 scrolls of fear {unknown}
 l - 5 scrolls of teleportation
 p - 2 scrolls of amnesia {unknown}
 q - a scroll of blinking {unknown}
 r - 2 scrolls of poison
 t - 2 scrolls of immolation
 B - a scroll of enchant armour {unknown}
 I - a scroll of torment
 J - a scroll of fog
 K - a scroll of noise
 L - a scroll of enchant weapon
 M - 3 scrolls of butterflies
Potions
 b - a potion of lignification
 m - 2 potions of brilliance
 o - a potion of mutation {unknown}
 u - 4 potions of curing {unknown}
 w - a potion of attraction {unknown}
 x - a potion of degeneration {unknown}
 z - a potion of resistance {unknown}
 C - 2 potions of heal wounds {unknown}
 G - a potion of haste {unknown}


   Skills:
 + Level 9.0 Fighting
 - Level 5.2 Short Blades
 - Level 1.7 Dodging
 - Level 2.6 Unarmed Combat
 - Level 8.0 Shapeshifting


You had 8 spell levels left.
You didn't know any spells.
Your spell library was empty.

Dungeon Overview and Level Annotations

Branches:
Dungeon (8/15)             Temple (0/1) D:7
   Lair: D:8-11

Altars:
Dithmenos
Gozag
Nemelex Xobeh
Sif Muna
Trog

Shops:
D:6 (   D:7 ?

Annotations:
D:3 1 runed translucent door, Crazy Yiuf
D:8 1 runed translucent door, exclusion: orange crystal statue


Innate Abilities, Weirdness & Mutations

You are a hulking beast.
Your limbs bulge with bestial killing power. (Slay +4)
You are surrounded by a mild repulsion field. (EV +2)
You are mostly covered in sharp spines.
You regenerate magic rapidly.


Message History

No target in view!
No target in view!
No target in view!
You start resting.
Magic restored.
You start resting.
HP restored.
You climb downwards.
Level annotation: 1 runed translucent door, exclusion: orange crystal statue The yak is struck by your spines.
The yak closely misses you. x2
The yak gores you! The yak closely misses you. The yak misses you.
There is a stone staircase leading up, spattered with blood here.
The yak is struck by your spines. The yak gores you but does no damage.
The yak gores you! x2; The yak gores you.
You climb upwards.
There is a stone staircase leading down here.
The yak completely misses you. The yak gores you!
The yak is struck by your spines. The yak misses you.
The yak attacks as it pursues you! The yak is struck by your spines.
The yak gores you!
You hit the yak. You burn the yak. You punch the yak, but do no damage.
The yak is lightly wounded.
The yak is struck by your spines. The yak gores you! The yak gores you.
The yak misses you. x2; The yak gores you.
* * * LOW HITPOINT WARNING * * *
You slash the yak! You burn the yak.
The yak is heavily wounded.
The yak gores you.
* * * LOW HITPOINT WARNING * * *
The yak barely misses you. The yak is struck by your spines. The yak gores you!
* * * LOW HITPOINT WARNING * * *
Okay, then.
As you read the scroll of teleportation, it crumbles to dust.
You feel strangely unstable. The yak closely misses you.
The yak is struck by your spines. The yak gores you!
* * * LOW HITPOINT WARNING * * *
The yak gores you but does no damage.
It was a potion of brilliance.
You feel clever all of a sudden. The yak gores you but does no damage.
The yak gores you.
You die...

##..#......##
##.......≈≈≈≈
##..........##
###.....≈##≈
#............#
#.....≈###
###.....###..#
##....≈≈#) ##...##
#.## #......')
#...# #.#
##....≈≈#) #...##
#.# #.....≈###
#....# #Y##
##.....≈##≈ #....#
#hY## ##......≈≈≈≈
#....#
##Y>###...#.......
#####...##
#Y†.##..##.......
#......##
#.......##.......
####..##
##..##..######....
#.## #..###..#
###.. ##.# ####
##.# ### ##.## #.#
##.## ##.#


You could see 4 yaks.

Vanquished Creatures
  Maggie (D:7)
  Grinder (D:3)
  Sigmund (D:6)
  A yak (D:7)
  2 water moccasins (D:6)
  2 orc warriors
  A sky beast (D:6)
  An ice beast (D:6)
  6 ogres
  A centaur (D:6)
  2 phantoms (D:6)
  A kobold brigand (D:6)
  A gnoll sergeant (D:7)
  3 scorpions
  An electric eel (D:7)
  2 howler monkeys
  4 hounds
  A jelly (D:6)
  An orc priest (D:3)
  A sleepcap (D:6)
  4 iguanas
  Terence (D:3)
  2 gnoll boudas
  An orc wizard (D:6)
  Natasha (thrice) (D:2)
  Robin (D:3)
  10 gnolls
  9 adders
  4 white imps
  2 ufetubi (D:6)
  3 worms (D:2)
  6 dart slugs
  10 orcs
  A bat (D:3)
  3 endoplasms (D:4)
  3 giant cockroaches
  10 hobgoblins
  4 jackals (D:1)
  6 quokkas
  7 ball pythons
  4 frilled lizards
  20 goblins
  5 kobolds
  10 rats
163 creatures vanquished.

Notes
Turn   | Place    | Note
-------+----------+-------------------------------------------
     0 | D:1      | DocClef the Demonspawn Shapeshifter began the quest for the
                  | Orb.
     0 | D:1      | Reached XP level 1. HP: 15/15 MP: 1/1
   157 | D:1      | Gained mutation: You are partially covered in sharp spines.
                  | [demonic ancestry]
   157 | D:1      | Reached XP level 2. HP: 18/21 MP: 2/2
   843 | D:2      | Gained mutation: You are mostly covered in sharp spines.
                  | [demonic ancestry]
   843 | D:2      | Reached XP level 3. HP: 26/26 MP: 3/3
  1160 | D:2      | Reached XP level 4. HP: 26/32 MP: 4/4
  1219 | D:2      | Noticed Natasha
  1230 | D:2      | Killed Natasha
  1261 | D:2      | Found a faded altar of an unknown god.
  1389 | D:2      | Noticed Natasha
  1401 | D:2      | Killed Natasha
  1402 | D:2      | Reached XP level 5. HP: 9/37 MP: 5/5
  1639 | D:2      | Noticed Natasha
  1645 | D:2      | Killed Natasha
  1646 | D:2      | Reached skill level 5 in Shapeshifting
  1948 | D:3      | Noticed Grinder
  1954 | D:3      | Paralysed by Grinder for 2 turns
  1963 | D:3      | Paralysed by Grinder for 4 turns
  1977 | D:3      | Killed Grinder
  1978 | D:3      | Gained mutation: You are surrounded by a mild repulsion
                  | field. (EV +2) [demonic ancestry]
  1978 | D:3      | Reached XP level 6. HP: 24/43 MP: 6/6
  2185 | D:3      | Found a runed translucent door.
  2186 | D:3      | Noticed Crazy Yiuf
  2234 | D:3      | Noticed Terence
  2253 | D:3      | Killed Terence
  2472 | D:3      | Noticed Robin
  2480 | D:3      | Killed Robin
  2921 | D:4      | Found a shimmering blue altar of Sif Muna.
  3263 | D:5      | Entered Level 5 of the Dungeon
  3269 | D:5      | Reached XP level 7. HP: 48/48 MP: 7/7
  3293 | D:5      | Found an opulent altar of Gozag.
  3299 | D:5      | Found a bloodstained altar of Trog.
  3334 | D:5      | Became a worshipper of Trog the Wrathful
  3981 | D:5      | Found a shadowy altar of Dithmenos.
  4280 | D:6      | Reached skill level 2 in Fighting
  4292 | D:6      | Reached skill level 3 in Fighting
  4292 | D:6      | Reached XP level 8. HP: 32/58 MP: 5/8
  4447 | D:6      | Reached skill level 4 in Fighting
  4909 | D:6      | Reached * piety under Trog
  5082 | D:6      | Reached skill level 5 in Short Blades
  5082 | D:6      | Gained mutation: You regenerate magic rapidly. [demonic
                  | ancestry]
  5082 | D:6      | Reached XP level 9. HP: 66/67 MP: 9/9
  5090 | D:6      | Reached skill level 5 in Fighting
  5296 | D:6      | Noticed Sigmund
  5311 | D:6      | Killed Sigmund
  5312 | D:6      | Reached skill level 6 in Fighting
  5362 | D:6      | Found a sparkling altar of Nemelex Xobeh.
  5411 | D:6      | Found Rausm's Antique Weapon Boutique.
  5818 | D:7      | Noticed Maggie
  5848 | D:7      | Killed Maggie
  5849 | D:7      | Reached skill level 7 in Fighting
  6194 | D:7      | Reached skill level 8 in Fighting
  6459 | D:7      | Found a staircase to the Ecumenical Temple.
  6697 | D:7      | Found Ful Zozxa's Magic Scroll Boutique.
  6703 | D:7      | Bought a scroll of teleportation for 42 gold pieces
  6703 | D:7      | Bought a scroll of vulnerability for 56 gold pieces
  6703 | D:7      | Bought a scroll of torment for 133 gold pieces
  6703 | D:7      | Bought a scroll of poison for 56 gold pieces
  6703 | D:7      | Bought a scroll of immolation for 56 gold pieces
  6703 | D:7      | Bought a scroll of fog for 56 gold pieces
  6703 | D:7      | Bought a scroll of noise for 14 gold pieces
  6703 | D:7      | Bought a scroll of enchant weapon for 105 gold pieces
  6703 | D:7      | Bought 3 scrolls of butterflies for 168 gold pieces
  7027 | D:8      | Found a runed translucent door.
  7031 | D:8      | Noticed an orange crystal statue
  7031 | D:8      | Found the +10 tower shield of Ignorance {rN+ Int-4}
  7060 | D:7      | Reached skill level 9 in Fighting
  7163 | D:7      | HP: 1/76 [yak (8)]
  7164 | D:7      | Slain by a yak

Illustrated notes

Levels and vault maps discovered:
D:1:      dpeg_arrival_water_fire, layout_loops_ring
D:2:      layout_rooms, serial_forest, infiniplex_forest_zigzag_1,
          infiniplex_forest_pool, infiniplex_forest_clump_diagonal,
          infiniplex_forest_3_way, infiniplex_forest_3_way,
          infiniplex_forest_clump_small, infiniplex_forest_3_way,
          shapermc_ecumenical_altar_ellora, uniq_natasha
D:3:      layout_basic, uniq_terence, uniq_robin, uniq_grinder,
          uniq_crazy_yiuf_cottage
D:4:      layout_loops_ring, mainiacjoe_overflow_paths
D:5:      layout_loops_ring, mainiacjoe_overflow_surrounded_room,
          mainiacjoe_overflow_catwalk_spiral
D:6:      minmay_polygon_palace, layout_basic, nemelex_spade_bored_becter,
          kennysheep_windowed_goal, uniq_sigmund
D:7:      layout_layer_cave, minmay_temple_entry_ruins, serial_shops,
          nicolae_shop_rolling_square, lightli_minifort, uniq_maggie
D:8:      layout_gridville, nicolae_ru_the_path_less_chosen, lair_entry_dummy,
          st_stairs_3, chequers_guarded_unrand_ignorance

Skill      XL: |  1  2  3  4  5  6  7  8  9 |
---------------+----------------------------+-----
Shapeshifting  | 3 4 6 8 |  8.0
Fighting       | 3 4 9 |  9.0
Short Blades   | 5 |  5.2
Dodging        | |  1.7
Unarmed Combat | |  2.6

Action                     |  1- 3 |  4- 6 |  7- 9 || total
---------------------------+-------+-------+-------++-------
  Melee: Unarmed           |    87 |       |       ||    87
         Dagger            |     5 |   160 |   275 ||   440
         Punch             |       |     1 |     8 ||     9
         Long sword        |       |       |    46 ||    46
    Use: Scroll            |       |       |     1 ||     1
         Potion            |       |       |     1 ||     1
 Armour: Animal skin       |    20 |       |       ||    20
         Chain mail        |    34 |    59 |   117 ||   210
         Acid dragon scale |       |       |    56 ||    56
  Dodge: Dodged            |    33 |    37 |   129 ||   199

Table legend: (Time is in decaauts)
 A = Elapsed time spent in this place.
 B = Non-inter-level travel time spent in this place.
 C = Inter-level travel time spent in this place.
 D = Time resting spent in this place.
 E = Time spent auto-exploring this place.
 F = Levels seen in this place.
 G = Mean time per level.
                   A        B        C        D        E       F      G
               +--------+--------+--------+--------+--------+-----+--------+
         Total |   7004 |   6798 |    206 |    808 |   4921 |   8 |  875.5 |
       Dungeon |   7004 |   6798 |    206 |    808 |   4921 |   8 |  875.5 |
               +--------+--------+--------+--------+--------+-----+--------+

Top non-repeatable levels by time:
     D:7: 1523 daAuts
     D:6: 1158 daAuts
     D:5: 1081 daAuts
     D:2: 1014 daAuts
     D:1: 820 daAuts
     D:3: 773 daAuts
     D:4: 597 daAuts
     D:8: 35 daAuts
